[Event "WSTCC-50 2024"]
[Site "Krakow"]
[Date "2024.07.03"]
[Round "2.12"]
[White "Townsend, M Paul"]
[Black "Noyce, Robert C"]
[Result "1-0"]
[ECO "A81"]
[WhiteElo "2147"]
[BlackElo "2088"]
[Annotator "NA RC"]
[PlyCount "75"]
[EventDate "2024.07.01"]
[EventType "team-tourn"]
[EventCountry "POL"]
[SourceTitle "playchess.com"]
[Source "ChessBase"]
[SourceQuality "1"]
[TimeControl "40/5400+30:1800+30"]

1. d4 f5 2. g3 Nf6 3. Bg2 g6 4. Nf3 Bg7 5. O-O O-O 6. b3 d6 7. Bb2 Ne4 8. c4 Nc6 9. Nc3 Nxc3 10. Bxc3 e5 11. dxe5 dxe5 12. Qd5+ Kh8 13. Qxd8 Rxd8 14. Ng5 Rf8 15. Bxc6 bxc6 16. Rad1 e4 17. Bxg7+ Kxg7 18. f3 h6 19. Nh3 exf3 20. exf3 g5 21. f4 Kf6 22. Rfe1 a5 23. a4 Rb8 24. Rd3 g4 25. Nf2 Be6 26. Re5 Rfd8 27. Kf1 Bf7 28. Rxd8 Rxd8 29. Ke2 Rb8 30. Re3 h5 31. Kd2 h4 32. Kc3 hxg3 33. hxg3 Rh8 34. Nd3 Ra8 35. Nc5 Be8 36. Re5 Rb8 37. Na6 Bd7 38. Nxb8 1-0

[Event "WSTCC-50 2024"]
[Site "Krakow"]
[Date "2024.07.03"]
[Round "2.12"]
[White "Wielosz, Jaroslaw"]
[Black "Goman, Colin"]
[Result "1-0"]
[ECO "A10"]
[WhiteElo "1920"]
[BlackElo "1759"]
[Annotator "NA RC"]
[PlyCount "43"]
[EventDate "2024.07.01"]
[EventType "team-tourn"]
[EventCountry "POL"]
[SourceTitle "playchess.com"]
[Source "ChessBase"]
[SourceQuality "1"]
[TimeControl "40/5400+30:1800+30"]

1. c4 d6 2. Nc3 Bf5 3. e4 Bg6 4. f4 Nf6 5. f5 Bh5 6. Qa4+ Nfd7 7. d4 e6 8. fxe6 fxe6 9. Qb5 c5 10. dxc5 dxc5 11. Qxb7 Nb6 12. Be2 Bxe2 13. Ngxe2 Nxc4 14. Qb5+ Qd7 15. Qxc4 Bd6 16. O-O Nc6 17. Be3 Nb4 18. Rad1 Rc8 19. e5 Nc2 20. Bg5 Nd4 21. exd6 Qxd6 22. Nxd4 1-0

[Event "WSTCC-50 2024"]
[Site "Krakow"]
[Date "2024.07.03"]
[Round "2.13"]
[White "David, Alberto"]
[Black "Dahl, Fredrik A"]
[Result "1/2-1/2"]
[ECO "C42"]
[WhiteElo "2502"]
[BlackElo "2237"]
[Annotator "TA"]
[PlyCount "95"]
[EventDate "2024.07.01"]
[EventType "team-tourn"]
[EventCountry "POL"]
[SourceTitle "playchess.com"]
[Source "ChessBase"]
[SourceQuality "1"]
[TimeControl "40/5400+30:1800+30"]

1. e4 e5 2. Nf3 Nf6 3. Nxe5 d6 4. Nd3 Nxe4 5. Qe2 Qe7 $1 6. Nf4 Nf6 {[%emt 0:02:59] Prevents Nd5} 7. d4 Qxe2+ 8. Bxe2 {[%emt 0:01:32] The position is equal.} Bf5 9. c3 Be7 10. h4 c6 11. f3 h5 12. Nd2 Nbd7 13. Nf1 Nf8 14. Ng3 Bd7 15. Kf2 Ne6 16. Bd3 g6 17. Bd2 (17. Re1 $1 $14) 17... Nxf4 $11 18. Bxf4 O-O 19. Bg5 Rfe8 20. Rhe1 Kg7 21. a4 d5 22. Bf4 Ng8 23. Rh1 Bf6 24. a5 b6 25. Bc7 Rec8 26. Bd6 Be7 27. Be5+ Bf6 $1 28. Bf4 c5 (28... Re8 $11) 29. Ba6 $36 {[%emt 0:01:25][%mdl 2048] Black is under pressure.} cxd4 30. Bxc8 Rxc8 31. axb6 axb6 32. Ne2 dxc3 (32... d3 $142 33. Ng3 Bb5) 33. Ra7 Bf5 34. bxc3 Bd3 35. Nd4 {[%emt 0:02:21] [#] Threatens to win with Ne6+.} Ne7 36. Re1 (36. Rc7 $18) 36... Nc6 $16 (36... Rxc3 $2 37. Rexe7 (37. Be5 Bxe5 38. Rxe5 Nf5 $16) 37... Bxd4+ 38. Kg3 $18) 37. Nxc6 Rxc6 38. Be5 {[%emt 0:02:11] White is more active.} Bxe5 39. Rxe5 {[%emt 0:00:06][%mdl 4096] Endgame. And now Ree7 would win. KRR-KRB} Bf5 {[%emt 0:00:32] This move loses the game for Black.} (39... Rxc3 $16 {keeps fighting.} 40. Rxd5 Bc4) 40. Ree7 $18 (40. Rxd5 Rxc3 41. Rb5 Rc2+ 42. Kg1 Rc4 $14) 40... Be6 41. Rec7 Rd6 42. Ke3 b5 43. Kd4 Kf6 $2 {[%emt 0:02:17] [#]} (43... Rb6 44. g3 Rb8) 44. Ra8 {[%emt 0:00:25] White is clearly winning.} Bf5 45. Kc5 Re6 (45... Rd7 $142 46. Rxd7 Bxd7) 46. Raa7 ({Stronger than} 46. Kxb5 Re2 $11) 46... Ke5 47. g3 ({Weaker is} 47. Rxf7 Kf4 $16) 47... f6 48. Rd7 {[%emt 0:00:28][%mdl 32768] Weighted Error Value: White=0.08 (flawless) /Black=0.28 (precise) .  Mistake:       	White=2     	Black=5      Inaccurate:     	White=1     	Black=4      OK:         	White=17    	Black=15     Best:        	White=2     	Black=1      Strong:       	---       	Black=1     . An unexpected result.} 1/2-1/2

[Event "WSTCC-50 2024"]
[Site "Krakow"]
[Date "2024.07.03"]
[Round "2.13"]
[White "Zeidler, Sven P."]
[Black "Oratovsky, Michael"]
[Result "0-1"]
[ECO "B23"]
[WhiteElo "2116"]
[BlackElo "2417"]
[Annotator "TA"]
[PlyCount "62"]
[EventDate "2024.07.01"]
[EventType "team-tourn"]
[EventCountry "POL"]
[SourceTitle "playchess.com"]
[Source "ChessBase"]
[SourceQuality "1"]
[TimeControl "40/5400+30:1800+30"]

1. e4 c5 2. Nc3 a6 3. g3 b5 4. Bg2 Bb7 5. Nge2 e6 6. d4 cxd4 7. Nxd4 Nf6 8. O-O b4 9. Na4 Bxe4 10. Bxe4 Nxe4 11. Re1 Nc5 {[%emt 0:04:45] Black is slightly better.} 12. c3 Nxa4 13. Qxa4 bxc3 (13... Be7 $15) 14. bxc3 (14. Nxe6 $1 $14 fxe6 15. Rxe6+ Be7 16. Bg5) 14... Be7 $15 15. Bf4 O-O 16. Rad1 Qc8 17. Nf5 Bf6 18. Be5 $2 {[%emt 0:00:15] [#] This move loses the game for White.} exf5 $19 19. Bxf6 gxf6 20. Qf4 Qxc3 {[%emt 0:18:30] ...Nc6 would now be deadly.} ({Much less strong is} 20... Re8 21. Qxf5 Rxe1+ 22. Rxe1 $19) 21. Qh6 $2 (21. Qxf5 Nc6 22. Re3) 21... Nc6 {[%emt 0:02:01] Black is clearly winning.} 22. Rc1 Qd4 {[%emt 0:04:26] And now ...Ne5 would win.} 23. Rcd1 Qg4 24. Qxf6 Rae8 25. h3 Qg6 ({Worse is} 25... Qxh3 26. Qg5+ Kh8 27. Qf6+ Kg8 28. Qg5+ Kh8 29. Qf6+ Kg8 $11) 26. Qc3 Rxe1+ 27. Qxe1 f4 28. Rxd7 fxg3 29. fxg3 Rb8 30. Rd1 Rb2 {[%emt 0:00:54][%cal Og6c2] [#] ( -> ...Qc2!)} 31. Qe3 Rb1 {[%emt 0:02:38] Weighted Error Value: White=0.47/Black=0.16 (very precise) .  Loses game:     	White=1     	---        Mistake:       	White=2     	Black=1      Inaccurate:     	White=1     	---        OK:         	White=3     	Black=10     Best:        	---       	Black=2} 0-1

[Event "WSTCC-50 2024"]
[Site "Krakow"]
[Date "2024.07.03"]
[Round "2.13"]
[White "Tsiganova, Monika"]
[Black "Mertens, Marc"]
[Result "1-0"]
[ECO "D94"]
[WhiteElo "1999"]
[BlackElo "2142"]
[Annotator "NA RC"]
[PlyCount "53"]
[EventDate "2024.07.01"]
[EventType "team-tourn"]
[EventCountry "POL"]
[SourceTitle "playchess.com"]
[Source "ChessBase"]
[SourceQuality "1"]
[TimeControl "40/5400+30:1800+30"]

1. d4 Nf6 2. c4 g6 3. Nc3 d5 4. Nf3 Bg7 5. e3 O-O 6. Be2 dxc4 7. Bxc4 c5 8. O-O cxd4 9. exd4 Nc6 10. h3 Na5 11. Be2 Be6 12. Bg5 Nd5 13. Re1 h6 14. Bh4 Nxc3 15. bxc3 Rc8 16. Qa4 g5 17. Bg3 Rxc3 18. h4 Bf6 19. hxg5 hxg5 20. Rab1 Bc4 21. Qb4 Rc2 22. Bxc4 Rxc4 23. Qd2 Qd5 24. Re5 Bxe5 25. Qxg5+ Kh7 26. Qh5+ Kg7 27. Bxe5+ 1-0

[Event "WSTCC-50 2024"]
[Site "Krakow"]
[Date "2024.07.03"]
[Round "2.14"]
[White "Kaspi, Alexander"]
[Black "Adams, Mark"]
[Result "1-0"]
[ECO "E32"]
[WhiteElo "2365"]
[BlackElo "1951"]
[Annotator "RC"]
[PlyCount "69"]
[EventDate "2024.07.01"]
[EventType "team-tourn"]
[EventCountry "POL"]
[SourceTitle "playchess.com"]
[Source "ChessBase"]
[SourceQuality "1"]
[TimeControl "40/5400+30:1800+30"]

1. d4 Nf6 2. c4 e6 3. Nc3 Bb4 4. Qc2 O-O 5. a3 Bxc3+ 6. Qxc3 b6 7. Bg5 Bb7 8. e3 d6 9. f3 Nbd7 10. Nh3 e5 11. d5 h6 12. Bh4 g5 13. Bf2 Qe7 14. e4 c6 15. dxc6 Bxc6 16. Rd1 Nc5 17. b4 Ne6 18. Be3 Rac8 19. Qd2 Ne8 20. Nf2 f5 21. exf5 Rxf5 22. h4 Nd4 23. Bxd4 exd4+ 24. Be2 Rf4 25. hxg5 Qxg5 26. Kf1 Bd7 27. Ne4 Qf5 28. Qxd4 Bc6 29. Bd3 Bxe4 30. Bxe4 Qg5 31. Qd5+ Qxd5 32. Bxd5+ Kg7 33. Re1 Nf6 34. g3 Rd4 35. Re7+ 1-0

[Event "WSTCC-50 2024"]
[Site "Krakow"]
[Date "2024.07.03"]
[Round "2.14"]
[White "Berg, Anders Hoyer"]
[Black "Bellia, Fabrizio"]
[Result "1/2-1/2"]
[ECO "C56"]
[WhiteElo "2079"]
[BlackElo "2401"]
[Annotator "TA"]
[PlyCount "97"]
[EventDate "2024.07.01"]
[EventType "team-tourn"]
[EventCountry "POL"]
[SourceTitle "playchess.com"]
[Source "ChessBase"]
[SourceQuality "1"]
[TimeControl "40/5400+30:1800+30"]

1. e4 e5 2. Nf3 Nc6 3. d4 exd4 4. Bc4 Nf6 5. O-O Nxe4 6. Re1 d5 7. Bxd5 Qxd5 8. Nc3 $1 Qd7 9. Rxe4+ (9. Nxe4 $5 Be7 $8 10. Bg5 $11) 9... Be7 10. Nxd4 f5 $1 {[%emt 0:03:27] Black is slightly better.} 11. Rf4 O-O 12. Nxc6 $1 Qxc6 13. Qd5+ Qe6 (13... Qxd5 {simplifies} 14. Nxd5 Bd8 15. Rf3 c6) 14. Rf3 c6 15. Qxe6+ Bxe6 16. Bf4 Bf6 17. Re3 Rfe8 18. Be5 Kf7 19. Bxf6 Kxf6 20. f4 $1 Rad8 21. Rae1 Rd2 22. R3e2 Rxe2 23. Rxe2 $11 {[%emt 0:02:39][%mdl 4096] Endgame. KRB-KRN} Rd8 24. b3 Bf7 25. a3 (25. g3 $11 {might be stronger.}) 25... Bh5 $15 26. Rf2 b5 27. b4 Rd4 28. Kf1 Rc4 29. Nb1 Re4 30. g3 a5 31. c3 {[%emt 0:01:14] [#]} ({White should play} 31. bxa5 $15 Ra4 32. Ke1) 31... c5 32. Rb2 $11 cxb4 33. cxb4 Rc4 34. bxa5 Be8 35. Rb4 {[%emt 0:00:58] Black must now prevent Rxc4.} Rc7 36. Nd2 Ra7 $1 37. Nb3 Bf7 38. Kf2 Bc4 {[%emt 0:00:28] [#]} (38... Bxb3 $11 {keeps the balance.} 39. Rxb3 Rxa5) 39. a4 ({White should try} 39. Nd2 $1 $16) 39... Bxb3 $1 {[%emt 0:00:19] The position is equal.} 40. axb5 {[%emt 0:00:30] b6 would now be deadly. KRB-KR} (40. Rxb3 $2 {too greedy.} bxa4 41. Ra3 Rxa5 $19) 40... Bd5 41. b6 Rxa5 42. b7 Ra2+ 43. Ke3 Bxb7 44. Rb6+ Kf7 45. Rxb7+ Kf6 46. Rb6+ Kf7 47. h3 Rh2 48. h4 Ra2 49. Rb3 {[%emt 0:00:42] Weighted Error Value: White=0.10 (very precise) /Black=0.11 (very precise) .  Mistake:       	White=3     	Black=2      Inaccurate:     	White=2     	Black=1      OK:         	White=15    	Black=17     Best:        	White=1     	Black=4      Strong:       	White=2     	Black=3} 1/2-1/2

[Event "WSTCC-50 2024"]
[Site "Krakow"]
[Date "2024.07.03"]
[Round "2.14"]
[White "Haensel, Jean-Marie"]
[Black "Narva, Regina"]
[Result "0-1"]
[ECO "A41"]
[WhiteElo "1868"]
[BlackElo "1921"]
[Annotator "NA RC"]
[PlyCount "74"]
[EventDate "2024.07.01"]
[EventType "team-tourn"]
[EventCountry "POL"]
[SourceTitle "playchess.com"]
[Source "ChessBase"]
[SourceQuality "1"]
[TimeControl "40/5400+30:1800+30"]

1. d4 d6 2. c4 g6 3. Nc3 Bg7 4. Nf3 b6 5. e3 Nf6 6. Bd3 c5 7. O-O O-O 8. h3 a6 9. b3 Nc6 10. Re1 e5 11. dxe5 dxe5 12. e4 h6 13. Bb2 Nh5 14. Nd5 Nd4 15. Kh2 Be6 16. Nxd4 cxd4 17. Ba3 Re8 18. g3 Rb8 19. b4 b5 20. Rc1 Qd7 21. g4 Bxd5 22. cxd5 Nf4 23. Bf1 f5 24. Qf3 fxe4 25. Qxe4 Qxd5 26. Qxd5+ Nxd5 27. Rc6 Nf4 28. Bc1 Re6 29. Rc5 Rf8 30. Bxf4 Rxf4 31. Kg3 Ref6 32. Rc8+ Kh7 33. Re2 Rf3+ 34. Kg2 e4 35. Rc1 d3 36. Rd2 Rf7 37. Re1 Bc3 0-1

[Event "WSTCC-50 2024"]
[Site "Krakow"]
[Date "2024.07.03"]
[Round "2.15"]
[White "Ortega, Lexy"]
[Black "Harstad, Christian"]
[Result "1-0"]
[ECO "B30"]
[WhiteElo "2386"]
[BlackElo "1917"]
[Annotator "TA"]
[PlyCount "73"]
[EventDate "2024.07.01"]
[EventType "team-tourn"]
[EventCountry "POL"]
[SourceTitle "playchess.com"]
[Source "ChessBase"]
[SourceQuality "1"]
[TimeControl "40/5400+30:1800+30"]

1. Nf3 c5 2. e4 Nc6 3. Bb5 d6 4. d4 cxd4 5. Qxd4 Bd7 6. Bxc6 Bxc6 7. Nc3 Nf6 8. Bg5 e6 9. O-O-O Be7 10. Qd3 O-O 11. Nd4 Qa5 12. f4 h6 {[%emt 0:09:18] [#]} 13. h4 Rfe8 (13... hxg5 $2 14. hxg5 Ng4 15. e5 $18 (15. Qh3 Nh6 $18)) (13... Rac8 14. g4) 14. Kb1 d5 (14... hxg5 $2 15. hxg5 g6 16. Qh3 $18 (16. gxf6 Bxf6 17. Qf1 Rad8 $11)) (14... Rac8 $11) 15. e5 $16 Ne4 16. Nxe4 dxe4 17. Qg3 {[%emt 0:01:06] White is more active.} Kh7 (17... hxg5 $2 18. hxg5 Bxg5 19. fxg5 $18 (19. Qxg5 Rad8 $18)) ({Black should play} 17... Bd5 18. b3 Bf8 (18... hxg5 $2 19. hxg5 Bb4 20. f5 $18)) 18. Nxc6 bxc6 19. Bxe7 Rxe7 20. Qe3 Rb8 21. Qxe4+ g6 (21... Kg8 $16) 22. Rd3 (22. Qxc6 Reb7 23. b3 Rc7 $14) (22. h5 $6 Qb4 23. Qxb4 (23. Qxc6 $2 Qxb2#) 23... Rxb4 $16) (22. b3 $1 $18) 22... Reb7 (22... Rb4 $16 23. Qe1 (23. Qxc6 Rxf4 24. Qd6 Rb7 $11) 23... Reb7) 23. Rb3 (23. Qxc6 $2 Rxb2+ 24. Kc1 Rb1#) (23. b3 $1 $18 {is the precise move to win.} Rb4 24. Qe1 (24. Qxc6 Rxf4 25. Qc3 Qxc3 $16)) 23... Rxb3 24. axb3 {[%emt 0:03:59][%cal Oh4h5][%mdl 4096] Endgame. Hoping for h5! KQR-KQR} Rb4 25. Qe1 (25. Qxc6 Rxf4 26. g3 Rf5 $11) (25. Qe3 $16 {And now h5 would win.} h5 26. Rd1) 25... Qc5 $14 26. Rf1 Rd4 27. h5 Qd5 (27... gxh5 $11 {remains equal.} 28. c3 Rd8) 28. hxg6+ $16 fxg6 29. g3 Rd2 30. Kc1 (30. Qe3 $16) 30... Rd4 (30... Qg2 $1 $11 31. Qxd2 Qxf1+ 32. Qd1 Qxd1+ 33. Kxd1 h5) 31. Rf2 ({Better is} 31. Qe2 $16) 31... h5 $14 32. c3 (32. Re2 $14) 32... Rd3 $11 33. Rd2 $2 {[%emt 0:00:28][%mdl 8192] [#]} (33. Qg1 $11 {and White is okay.}) 33... Rxd2 $1 $19 34. Qxd2 Qxb3 {[%emt 0:02:49][%mdl 8192] [#]} (34... Qxd2+ $19 35. Kxd2 g5) 35. Qd7+ $1 $18 Kh6 36. Qd8 (36. Qxc6 Qa2 37. f5 h4 $11) ({Not} 36. Qxa7 Qd5 $16) 36... Qc4 $2 (36... Kh7 $18 37. Qe7+ Kg8) 37. Qh8# {[%emt 0:00:12] What a bad dream for Black.   Weighted Error Value: White=0.50/Black=0.74.  Loses game:     	White=1     	---        Missed win:     	---       	Black=1      Mistake:       	White=6     	Black=7      Inaccurate:     	White=3     	Black=2      OK:         	White=7     	Black=6      Best:        	White=3     	Black=2      Strong:       	White=1     	Black=1} 1-0

[Event "WSTCC-50 2024"]
[Site "Krakow"]
[Date "2024.07.03"]
[Round "2.15"]
[White "Fomina, Tatyana"]
[Black "Kohnen, Marc"]
[Result "1-0"]
[ECO "C00"]
[WhiteElo "2192"]
[BlackElo "1837"]
[Annotator "RC"]
[PlyCount "59"]
[EventDate "2024.07.01"]
[EventType "team-tourn"]
[EventCountry "POL"]
[SourceTitle "playchess.com"]
[Source "ChessBase"]
[SourceQuality "1"]
[TimeControl "40/5400+30:1800+30"]

1. e4 e6 2. Qe2 c5 3. Nf3 Nc6 4. c3 d5 5. d3 Be7 6. g3 d4 7. e5 f6 8. exf6 Bxf6 9. Bg2 Nge7 10. Ng5 e5 11. Ne4 O-O 12. Nxc5 dxc3 13. bxc3 Rb8 14. O-O b6 15. Ne4 Ba6 16. Rd1 Rc8 17. Na3 Nd5 18. Bb2 Be7 19. Nc2 Nf6 20. Ne3 Nxe4 21. Bxe4 Bc5 22. a4 Qf6 23. Ba3 Bxa3 24. Rxa3 Rf7 25. Bd5 Rcf8 26. Raa1 e4 27. Ng4 Qxc3 28. Qxe4 Bb7 29. Rac1 Qd4 30. Bxc6 1-0

[Event "WSTCC-50 2024"]
[Site "Krakow"]
[Date "2024.07.03"]
[Round "2.15"]
[White "Hughes, Anthony"]
[Black "Linik, Yaron"]
[Result "0-1"]
[ECO "A10"]
[WhiteElo "1913"]
[BlackElo "1910"]
[Annotator "NA RC"]
[PlyCount "112"]
[EventDate "2024.07.01"]
[EventType "team-tourn"]
[EventCountry "POL"]
[SourceTitle "playchess.com"]
[Source "ChessBase"]
[SourceQuality "1"]
[TimeControl "40/5400+30:1800+30"]

1. c4 g6 2. Nc3 Bg7 3. g3 d6 4. Bg2 e5 5. e4 Nc6 6. Nge2 Nge7 7. d3 O-O 8. O-O f5 9. Be3 Nd4 10. Qd2 f4 11. gxf4 Bh3 12. f3 Bxg2 13. Kxg2 Nec6 14. Nd5 Nxe2 15. Qxe2 Nd4 16. Qf2 c6 17. Nc3 Ne6 18. f5 gxf5 19. exf5 Rxf5 20. Kh1 d5 21. cxd5 cxd5 22. Bxa7 d4 23. Nb5 Qd5 24. a4 Raf8 25. Qe2 Ng5 26. b4 Nxf3 27. Qa2 Qxa2 28. Rxa2 Nh4 29. Rxf5 Rxf5 30. h3 Rf1+ 31. Kh2 e4 32. Bxd4 exd3 33. Kg3 Nf5+ 34. Kg2 Rc1 35. Bxg7 Kxg7 36. Kf3 Rc2 37. Ra3 d2 38. Rd3 Rb2 39. Ke2 Rxb4 40. Rxd2 Rxa4 41. Rd7+ Kg6 42. Rxb7 Rh4 43. Nc7 Rxh3 44. Kf2 Ra3 45. Ne6 h5 46. Rb8 h4 47. Rh8 Nh6 48. Rb8 Ng4+ 49. Kg2 h3+ 50. Kf1 Ra1+ 51. Ke2 h2 52. Nf4+ Kf5 53. Rf8+ Nf6 54. Nh5 Ra2+ 55. Ke3 Ra3+ 56. Kf2 h1=Q 0-1

[Event "WSTCC-50 2024"]
[Site "Krakow"]
[Date "2024.07.03"]
[Round "2.16"]
[White "Johnsen, Sylvia"]
[Black "D'Amore, Carlo"]
[Result "0-1"]
[ECO "A25"]
[WhiteElo "1878"]
[BlackElo "2357"]
[Annotator "TA"]
[PlyCount "56"]
[EventDate "2024.07.01"]
[EventType "team-tourn"]
[EventCountry "POL"]
[SourceTitle "playchess.com"]
[Source "ChessBase"]
[SourceQuality "1"]
[TimeControl "40/5400+30:1800+30"]

1. c4 e5 2. Nc3 Nc6 3. g3 g6 4. Bg2 Bg7 5. Rb1 a5 6. a3 Nge7 7. b4 axb4 8. axb4 O-O 9. b5 {[%emt 0:04:22] The position is equal.} Nd4 10. e3 Ne6 11. Nge2 c6 12. d4 exd4 13. exd4 d5 14. c5 (14. cxd5 $11 {and White stays safe.} cxd5 15. O-O) 14... Nf5 $19 15. Be3 Qf6 (15... Qe7 $19 16. O-O Nxe3 17. fxe3 Nxc5) 16. Rb4 {[%emt 0:15:20] [#]} (16. O-O $17) 16... Qe7 $1 {[%emt 0:00:09] Threatens to win with ...Nxe3.} 17. Qd3 (17. O-O {was called for.}) 17... Ra1+ 18. Kd2 Ra3 {[%emt 0:00:06] ...Nxe3 would now be deadly.} 19. bxc6 $2 (19. Ra4 {is a better defense.} Nxe3 20. Qxe3 Rxa4 21. Nxa4) 19... bxc6 20. Ra4 Rxa4 ({Weaker is} 20... Nxe3 21. fxe3 Nxc5 22. dxc5 $19) 21. Nxa4 Qf6 ({Don't play} 21... Qa7 22. Ra1 $19) (21... Nxe3 $142 22. fxe3 Nc7) 22. Kc3 $2 {[%emt 0:02:38] [#]} (22. Nb6) 22... Nc7 {[%emt 0:00:08] White must now prevent ...Ba6. Black is clearly winning.} 23. Rd1 Ba6 24. Qd2 Bxe2 25. Qxe2 Nb5+ 26. Kb4 Nbxd4 {[%emt 0:01:11] A dynamic duo of knights.} 27. Qb2 Rb8+ 28. Nb6 Qe7 {[%emt 0:01:15][%csl LRb6,LRe3] Weighted Error Value: White=1.52/Black=0.38.  Loses game:     	White=1     	---        Mistake:       	White=4     	Black=2      Inaccurate:     	White=1     	---        OK:         	White=6     	Black=9      Best:        	---       	Black=2} 0-1

[Event "WSTCC-50 2024"]
[Site "Krakow"]
[Date "2024.07.03"]
[Round "2.16"]
[White "Bulkovstein, David"]
[Black "Thomas, Gary"]
[Result "1/2-1/2"]
[ECO "D02"]
[WhiteElo "1842"]
[BlackElo "1865"]
[Annotator "NA RC"]
[PlyCount "37"]
[EventDate "2024.07.01"]
[EventType "team-tourn"]
[EventCountry "POL"]
[SourceTitle "playchess.com"]
[Source "ChessBase"]
[SourceQuality "1"]
[TimeControl "40/5400+30:1800+30"]

1. Nf3 d5 2. d4 c5 3. e3 Bf5 4. Bd3 Bxd3 5. Qxd3 Nc6 6. c3 e6 7. Nbd2 Nf6 8. O-O Be7 9. Ne5 cxd4 10. exd4 Nxe5 11. dxe5 Nd7 12. Qe2 Qc7 13. Re1 Rc8 14. Nb3 Qc4 15. Bd2 Qxe2 16. Rxe2 Nc5 17. Nxc5 Bxc5 18. Be3 Kd7 19. Rd1 1/2-1/2

[Event "WSTCC-50 2024"]
[Site "Krakow"]
[Date "2024.07.03"]
[Round "2.16"]
[White "Kayser, Pierrot"]
[Black "Korge, Kersti"]
[Result "0-1"]
[ECO "A56"]
[WhiteElo "1764"]
[BlackElo "1859"]
[Annotator "NA RC"]
[PlyCount "73"]
[EventDate "2024.07.01"]
[EventType "team-tourn"]
[EventCountry "POL"]
[SourceTitle "playchess.com"]
[Source "ChessBase"]
[SourceQuality "1"]
[TimeControl "40/5400+30:1800+30"]

1. d4 Nf6 2. c4 c5 3. Nf3 cxd4 4. Nxd4 Nc6 5. Nc3 g6 6. e3 Bg7 7. Nxc6 bxc6 8. Be2 O-O 9. O-O d6 10. Bf3 Qc7 11. Nb5 Qb6 12. Qd4 c5 13. Qd1 Rb8 14. Rb1 Bf5 15. Ra1 Be6 16. Be2 a6 17. Na3 Nd7 18. Rb1 Bf5 19. Bd3 Bxd3 20. Qxd3 Ne5 21. Qe2 Nc6 22. b3 Nb4 23. e4 Qb7 24. f3 Bd4+ 25. Kh1 Qd7 26. Be3 Bxe3 27. Qxe3 Nxa2 28. Rb2 Nb4 29. Rd1 Qe6 30. Qd2 Kg7 31. Nc2 a5 32. Ra1 Ra8 33. Ra4 Qe5 34. Nxb4 axb4 35. Rba2 Rxa4 36. Rxa4 Qc3 37. Qxc3+ 0-1

[Event "WSTCC-50 2024"]
[Site "Krakow"]
[Date "2024.07.03"]
[Round "2.17"]
[White "Schuster, Karsten"]
[Black "Osiecki, Stanislaw"]
[Result "1-0"]
[ECO "E73"]
[WhiteElo "2307"]
[BlackElo "1986"]
[Annotator "RC"]
[PlyCount "67"]
[EventDate "2024.07.01"]
[EventType "team-tourn"]
[EventCountry "POL"]
[SourceTitle "playchess.com"]
[Source "ChessBase"]
[SourceQuality "1"]
[TimeControl "40/5400+30:1800+30"]

1. d4 Nf6 2. c4 d6 3. Nc3 g6 4. e4 Bg7 5. Be2 O-O 6. Bg5 c5 7. d5 e6 8. Qd2 exd5 9. exd5 Na6 10. Nf3 Nc7 11. a4 Bd7 12. O-O Bf5 13. Nh4 Bd7 14. Ra3 Re8 15. Bd3 Qe7 16. Nf3 Bg4 17. Qf4 Bxf3 18. Qxf3 h6 19. Bh4 g5 20. Bg3 Nd7 21. Qf5 Ne5 22. Be2 Ng6 23. Bh5 Kh7 24. Nd1 Rad8 25. f4 Bd4+ 26. Kh1 Rf8 27. Raf3 Kg7 28. fxg5 Qxg5 29. Bxg6 Qxg6 30. Qh3 f6 31. Bxd6 Rxd6 32. Rg3 f5 33. Rxg6+ Rxg6 34. Ne3 1-0

[Event "WSTCC-50 2024"]
[Site "Krakow"]
[Date "2024.07.03"]
[Round "2.17"]
[White "Homer, Stephen J"]
[Black "Delaney, John"]
[Result "0-1"]
[ECO "B30"]
[WhiteElo "2019"]
[BlackElo "2167"]
[Annotator "RC"]
[PlyCount "90"]
[EventDate "2024.07.01"]
[EventType "team-tourn"]
[EventCountry "POL"]
[SourceTitle "playchess.com"]
[Source "ChessBase"]
[SourceQuality "1"]
[TimeControl "40/5400+30:1800+30"]

1. e4 c5 2. Nf3 Nc6 3. Bb5 e6 4. O-O Nge7 5. b3 a6 6. Bxc6 Nxc6 7. Bb2 b5 8. c4 bxc4 9. bxc4 Rb8 10. Bc3 Qc7 11. Na3 f6 12. Nh4 d6 13. f4 e5 14. f5 Nb4 15. Qh5+ Qf7 16. Ng6 Bb7 17. Rae1 Nxa2 18. Qh3 hxg6 19. Qxh8 Nxc3 20. dxc3 Kd7 21. Rb1 Kc7 22. Qh4 Be7 23. Qe1 gxf5 24. Rxf5 Qg6 25. Qe2 Qh6 26. Rf3 Qh4 27. Re1 Bc8 28. Qf2 Qh5 29. Rb1 Bb7 30. Qb2 Qe8 31. Qb6+ Kc8 32. Rh3 Qf8 33. Qb3 Kc7 34. Qb6+ Kc8 35. Rd3 Bd8 36. Qxd6 Qxd6 37. Rxd6 Bc7 38. Rd2 Ba5 39. Rdb2 Bxc3 40. Rb3 Bb4 41. Rd1 Bxe4 42. Rd6 a5 43. Nb5 Rxb5 44. cxb5 c4 45. Rh3 Bxd6 0-1

[Event "WSTCC-50 2024"]
[Site "Krakow"]
[Date "2024.07.03"]
[Round "2.18"]
[White "Sielicki, Tomasz"]
[Black "Kempter, Ronald"]
[Result "1-0"]
[ECO "A45"]
[WhiteElo "2017"]
[BlackElo "2204"]
[Annotator "RC"]
[PlyCount "119"]
[EventDate "2024.07.01"]
[EventType "team-tourn"]
[EventCountry "POL"]
[SourceTitle "playchess.com"]
[Source "ChessBase"]
[SourceQuality "1"]
[TimeControl "40/5400+30:1800+30"]

1. d4 Nf6 2. Bg5 e6 3. e4 h6 4. Bxf6 Qxf6 5. c3 d6 6. Bd3 g6 7. Ne2 Bg7 8. O-O O-O 9. f4 Qe7 10. e5 Nd7 11. Nd2 b6 12. Be4 Rb8 13. Qa4 a6 14. Rae1 b5 15. Qd1 Nb6 16. Nf3 Nc4 17. Qc1 Rd8 18. g4 c5 19. b3 Nb6 20. Ng3 cxd4 21. cxd4 dxe5 22. dxe5 Bf8 23. f5 Qc5+ 24. Kg2 Qxc1 25. Rxc1 gxf5 26. gxf5 Nd5 27. Kf2 Ba3 28. Rc2 Bb7 29. fxe6 fxe6 30. Nh5 Rbc8 31. Rxc8 Rxc8 32. Nf6+ Kf7 33. Nxd5 Bxd5 34. Bxd5 exd5 35. Nd4 Bb2 36. Ke3+ Ke7 37. Rf6 Rc3+ 38. Kd2 Rh3 39. Nf5+ Ke8 40. Rxh6 Rxh6 41. Nxh6 Bxe5 42. Ng4 Bc7 43. h4 Kf7 44. Kd3 Ke6 45. h5 Kf5 46. Ne3+ Ke6 47. h6 Be5 48. h7 Bg7 49. Ng2 Kf5 50. Nh4+ Kg5 51. Ng2 Kf5 52. Ne3+ Ke6 53. b4 Ke5 54. Nc2 Bf6 55. Nd4 Kd6 56. Nb3 Kc6 57. a3 Kb6 58. Nc5 Bb2 59. Ne6 Bf6 60. Nf4 1-0